 Dungeon Crawl Stone Soup version 0.22.0-49-gab54619 (webtiles) character file.

7949 HoaS the Fighter (level 11, -3/74 HPs)
             Began as a Gargoyle Berserker on Aug 27, 2018.
             Was a High Priest of Trog.
             Slain by a large slime creature (24 damage)
             ... on level 10 of the Dungeon on Sept 4, 2018.
             The game lasted 00:35:35 (10145 turns).

HoaS the Fighter (Gargoyle Berserker)              Turns: 10145, Time: 00:35:35

Health: -3/74      AC: 29    Str: 22    XL:     11   Next: 23%
Magic:  11/11      EV:  9    Int:  7    God:    Trog [*****.]
Gold:   523        SH:  0    Dex: 12    Spells: 10/10 levels left

rFire    . . .     SeeInvis .     - Unarmed
rCold    . . .     Gourm    .   (no shield)
rNeg     + . .     Faith    .   A - +3 plate armour
rPois    ∞         Spirit   .   (no helmet)
rElec    +         Reflect  .   x - +1 cloak
rCorr    .         Harm     .   w - +1 pair of gloves
MR       +....                  (no boots)
Stlth    ..........             q - amulet "Onwam" {Regen+ Slay+3}
HPRegen  0.62/turn              a - ring of stealth
MPRegen  0.12/turn              m - ring of protection from magic

@: no status effects
A: negative energy resistance 1, electricity resistance, unbreathing,
petrification resistance, rot immunity, AC +8
a: Berserk, Trog's Hand, Brothers in Arms, Renounce Religion


You were on level 10 of the Dungeon.
You worshipped Trog.
Trog was extremely pleased with you.
You were near starving.

You visited 1 branch of the dungeon, and saw 10 of its levels.

You collected 628 gold pieces.
You spent 105 gold pieces at shops.

Inventory:

Armour
 w - a +1 pair of gloves (worn)
 x - a +1 cloak (worn)
 A - a +3 plate armour (worn)
Jewellery
 a - a ring of stealth (left hand)
 c - an uncursed ring of protection from fire
 m - a ring of protection from magic (right hand)
 n - an uncursed ring of protection from cold
 q - the amulet "Onwam" (around neck) {Regen+ Slay+3}
   (You took it off a gnoll on level 6 of the Dungeon)

   [amulet of regeneration]

   It affects your accuracy and damage with ranged weapons and melee attacks
   (+3).
   It increases your rate of regeneration.
 s - the amulet "Vawiatexa" {Regen+ MP-9 Str+3 Dex+5}
   (You found it on level 6 of the Dungeon)

   [amulet of regeneration]

   It affects your strength (+3).
   It affects your dexterity (+5).
   It affects your magic capacity (-9).
   It increases your rate of regeneration.
 y - an uncursed ring of positive energy {unknown}
Wands
 i - a wand of disintegration (13)
 r - a wand of flame (9)
 t - a wand of paralysis (34)
 v - a wand of digging (24)
 B - a wand of enslavement (22)
Scrolls
 e - 4 scrolls of teleportation
 f - a scroll of summoning
 j - 9 scrolls of remove curse
Potions
 d - 4 potions of curing
 g - a potion of berserk rage
 h - a potion of ambrosia {unknown}
 k - 2 potions of agility
 l - 4 potions of heal wounds
 o - a potion of cancellation
 p - 2 potions of haste
 u - 2 potions of flight
 z - 2 potions of brilliance {unknown}
Comestibles
 b - 23 rations


   Skills:
 * Level 11.2 Fighting
 + Level 7.9 Armour
 + Level 6.0 Dodging
 * Level 10.3 Unarmed Combat


You had 10 spell levels left.
You didn't know any spells.
Your spell library was empty.

Dungeon Overview and Level Annotations

Branches:
Dungeon (10/15)            Temple (0/1) D:7
   Lair: D:8-11         Orc: D:9-12

Altars:
Cheibriados
Dithmenos
Fedhas
Gozag
Kikubaaqudgha
Nemelex Xobeh
Ru
Trog
Vehumet
Yredelemnul
Zin
The Shining One
Jiyva

Shops:
D:10 *

Annotations:
D:5 Prince Ribbit
D:10 1 transporter


Innate Abilities, Weirdness & Mutations

You are resistant to torment.
Your stone body is resilient. (AC +8)
You are immune to poison.
You resist negative energy. (rN+)
You are resistant to electric shocks. (rElec)
You can survive without breathing.
You are immune to petrification.
You are immune to rotting.


Message History

The slime creature completely misses you.
You hit the slime creature.
The slime creature is severely wounded.
The slime creature barely misses you. The large slime creature hits you.
The slime creature hits you but does no damage.
The slime creature barely misses you.
The slime creature hits you but does no damage.
You are too injured to fight recklessly!
You punch the slime creature!
The slime creature is almost dead.
The slime creature hits you but does no damage. x2
The large slime creature hits you!
The slime creature hits you but does no damage.
The slime creature closely misses you. The slime creature hits you.
* * * LOW HITPOINT WARNING * * *
Your plate armour prevents you from hitting the slime creature.
The slime creature is almost dead.
The slime creature hits you but does no damage.
The slime creature barely misses you. The large slime creature hits you!!
You die...

.........#
########.............
.........#
#########............
.........#
##.###©####...........
...###...###..#.#.%#
#..[........ ...#
#...# ........
#........... ...#
#...# ##.[$$.##
###......... ...#
#...# #..$_$..#
#......... ...#
#...####.)JJJ###
#......... ...#
#...##....J@J..#
#......... ...#
#...###..#©#J.##
#......... ...#
#...### ###.##
#.....<... ...# #....#
######## #.........
...# #...## #######.#
#........# ...# #...#
#.©.##..# #........#
...# #...# #..###..#
#...###..# ...###...#
#..# #..###...# #..#
##.......# #..#
#........# #..#


You could see a large slime creature and 5 slime creatures.

Vanquished Creatures
  Harold (D:10)
  Erica (D:8)
  An ugly thing (D:8)
  Psyche (D:10)
  Joseph (D:8)
  Maurice (D:8)
  A gargoyle (D:10)
  A centaur skeleton (D:10)
  A troll (D:10)
  A wyvern (D:8)
  A soldier ant (D:10)
  2 sky beasts
  An ice beast (D:10)
  4 orc warriors
  2 phantoms
  2 necrophages (D:8)
  5 ogres
  4 centaurs
  A big kobold (D:8)
  2 bullfrogs
  2 wyvern zombies (D:8)
  6 scorpions
  4 killer bees (D:7)
  4 crimson imps
  A bullfrog zombie (D:6)
  A quasit (D:8)
  3 centaur zombies
  A jelly (D:10)
  3 hounds
  4 orc priests
  A bullfrog skeleton (D:4)
  5 iguanas
  5 orc wizards
  9 worker ants
  A hound skeleton (D:8)
  A howler monkey zombie (D:8)
  5 gnolls
  13 adders
  2 shadow imps
  An adder zombie (D:9)
  An adder skeleton (D:5)
  8 worms
  5 dart slugs
  6 leopard geckos
  43 orcs
  6 giant cockroaches
  6 goblins
  7 hobgoblins
  6 jackals
  4 quokkas
  13 bats
  5 frilled lizards
  A jackal skeleton (D:4)
  10 kobolds
  2 leopard gecko zombies
  2 quokka skeletons
  A quokka zombie (D:7)
  14 rats
246 creatures vanquished.

Vanquished Creatures (others)
  4 bushes (D:8)
  10 plants (D:8)
14 creatures vanquished.

Grand Total: 260 creatures vanquished

Notes
Turn   | Place    | Note
-------+----------+-------------------------------------------
     0 | D:1      | HoaS the Gargoyle Berserker began the quest for the Orb.
     0 | D:1      | Reached XP level 1. HP: 14/14 MP: 1/1
   145 | D:1      | Reached XP level 2. HP: 15/19 MP: 2/2
   431 | D:1      | Reached XP level 3. HP: 24/24 MP: 3/3
   536 | D:1      | Upgraded the game from 0.22.0-38-g04b72b8 to
                  | 0.22.0-49-gab54619
   943 | D:2      | Reached ** piety under Trog
   998 | D:2      | Reached skill level 4 in Fighting
  1050 | D:2      | Reached XP level 4. HP: 25/29 MP: 4/4
  1682 | D:3      | Reached XP level 5. HP: 33/34 MP: 5/5
  1772 | D:3      | Reached *** piety under Trog
  2201 | D:4      | Received a gift from Trog
  2290 | D:4      | Reached XP level 6. HP: 33/40 MP: 6/6
  2354 | D:4      | Reached skill level 5 in Fighting
  2695 | D:4      | Reached skill level 5 in Unarmed Combat
  2695 | D:4      | Reached XP level 7. HP: 44/44 MP: 7/7
  3043 | D:5      | Entered Level 5 of the Dungeon
  3066 | D:5      | Found a shadowy altar of Dithmenos.
  3174 | D:5      | Reached skill level 6 in Fighting
  3385 | D:5      | Found a basalt altar of Yredelemnul.
  3391 | D:5      | Found an opulent altar of Gozag.
  3526 | D:5      | Noticed Prince Ribbit
  4029 | D:5      | Reached **** piety under Trog
  4040 | D:5      | Reached XP level 8. HP: 50/52 MP: 8/8
  4166 | D:6      | Found a sacrificial altar of Ru.
  4354 | D:6      | Got a shimmering pewter amulet
  4370 | D:6      | Found a radiant altar of Vehumet.
  4376 | D:6      | Got a fine emerald amulet
  4534 | D:6      | Reached skill level 7 in Fighting
  5262 | D:6      | Reached skill level 5 in Armour
  5657 | D:6      | Found a glowing silver altar of Zin.
  5880 | D:7      | Got a spiked ring mail
  5891 | D:7      | Identified the +1 ring mail of Undesirable Species {rC+
                  | rCorr} (You found it on level 7 of the Dungeon)
  5934 | D:7      | Reached XP level 9. HP: 54/59 MP: 9/9
  5953 | D:7      | Reached skill level 8 in Fighting
  6345 | D:7      | Found a staircase to the Ecumenical Temple.
  6798 | D:7      | Noticed a moth of wrath
  6976 | D:7      | Identified the amulet "Onwam" {Regen+ Slay+3} (You took it
                  | off a gnoll on level 6 of the Dungeon)
  7034 | D:7      | Found a bloodstained altar of Trog.
  7293 | D:8      | Noticed Maurice
  7311 | D:8      | Killed Maurice
  7359 | D:8      | Noticed a red ugly thing
  7371 | D:8      | HP: 4/90 [red ugly thing (21)]
  7373 | D:8      | Killed a red ugly thing
  7373 | D:8      | Reached skill level 9 in Fighting
  7552 | D:8      | Found a sparkling altar of Nemelex Xobeh.
  7553 | D:8      | Found a snail-covered altar of Cheibriados.
  7561 | D:8      | Noticed Erica
  7577 | D:8      | Killed Erica
  7577 | D:8      | Reached skill level 5 in Dodging
  7577 | D:8      | Reached XP level 10. HP: 66/67 MP: 10/10
  7697 | D:8      | Noticed Joseph
  7709 | D:8      | Killed Joseph
  7821 | D:8      | Found an ancient bone altar of Kikubaaqudgha.
  8314 | D:8      | Reached skill level 10 in Fighting
  8358 | D:8      | Found a blossoming altar of Fedhas.
  8972 | D:9      | Reached ***** piety under Trog
  9014 | D:9      | Found a glowing golden altar of the Shining One.
  9121 | D:10     | Entered Level 10 of the Dungeon
  9176 | D:10     | Noticed a gargoyle
  9188 | D:10     | Killed a gargoyle
  9227 | D:10     | Found Hammo Torraa's General Store.
  9238 | D:10     | Bought a scroll of identify for 30 gold pieces
  9238 | D:10     | Bought a potion of heal wounds for 75 gold pieces
  9238 | D:10     | Identified the amulet "Vawiatexa" {Regen+ MP-9 Str+3 Dex+5}
                  | (You found it on level 6 of the Dungeon)
  9246 | D:10     | Noticed Harold
  9262 | D:10     | Killed Harold
  9274 | D:10     | Reached skill level 10 in Unarmed Combat
  9277 | D:10     | Received a gift from Trog
  9314 | D:10     | Reached XP level 11. HP: 64/73 MP: 11/11
  9349 | D:10     | Reached skill level 11 in Fighting
  9489 | D:10     | Noticed Psyche
  9498 | D:10     | Killed Psyche
  9703 | D:10     | Found a transporter.
  9708 | D:10     | Found a viscous altar of Jiyva.
 10131 | D:10     | Found a transporter.
 10145 | D:10     | Slain by a large slime creature

Skill      XL: |  1  2  3  4  5  6  7  8  9 10 11 |
---------------+----------------------------------+-----
Fighting       | 4 5 6 7 9 10 11 | 11.2
Dodging        | 2 3 4 5 6 |  6.0
Armour         | 3 4 5 6 7 |  7.9
Unarmed Combat | 4 5 7 8 10 | 10.3

Action                   |  1- 3 |  4- 6 |  7- 9 | 10-12 || total
-------------------------+-------+-------+-------+-------++-------
Melee: Unarmed           |   113 |   343 |   492 |   255 ||  1203
       Punch             |     1 |     4 |    15 |    13 ||    33
Invok: Berserk           |       |     1 |     5 |     1 ||     7
       Trog's Hand       |       |       |     2 |     1 ||     3
  Use: Scroll            |     5 |    10 |     5 |     5 ||    25
 Stab: Sleeping          |     2 |       |       |       ||     2
  Eat: Ration            |     1 |       |     1 |       ||     2
       Chunk             |       |     4 |    18 |     8 ||    30
Armor: Animal skin       |    20 |       |       |       ||    20
       Ring mail         |     8 |       |       |       ||     8
       Scale mail        |    50 |   177 |   303 |    36 ||   566
       Plate armour      |       |       |       |   132 ||   132
Dodge: Dodged            |    78 |   212 |   313 |   130 ||   733
